 Dungeon Crawl Stone Soup version 0.30-a0-748-ge6a52f7cba (webtiles) character file.

Game seed: 2818854092703511863

6636 funkygono the Arsonist (level 11, -8/57 HPs)
             Began as a Gargoyle Fire Elementalist on Feb 8, 2023.
             Was a Follower of Vehumet.
             Mangled by an angel
             ... wielding a +3 whip of holy wrath
              (9 damage)
             ... on level 1 of the Abyss.
             The game lasted 00:14:35 (9905 turns).

funkygono the Arsonist (Gargoyle Fire Elementalist) Turns: 9905, Time: 00:14:35

Health: -8/57      AC: 17    Str: 14    XL:     11   Next: 2%
Magic:  9/24       EV: 17    Int: 21    God:    Vehumet [*.....]
Gold:   345        SH:  5    Dex: 10    Spells: 16/29 levels left

rFire   + . .      SeeInvis .    m - +2 whip
rCold   . . .      Faith    .    (no shield)
rNeg    + . .      Spirit   .    p - +2 leather armour "Okeuril" {rF+ Regen+ Str+3}
rPois   ∞          Reflect  +    C - +2 hat
rElec   +          Harm     .    (no cloak)
rCorr   .          Rampage  .    s - +1 pair of gloves
Will    +....                    (no boots)
Stlth   +                        h - amulet of reflection
HPRegen 1.09/turn                b - +5 ring of evasion
MPRegen 0.19/turn                w - ring of willpower

@: glowing
A: sickness immunity, AC +8, negative energy resistance 1, electricity
resistance, torment resistance 1, petrification resistance
a: Renounce Religion


You were on level 1 of the Abyss.
You worshipped Vehumet.
Vehumet was aware of your devotion.
You visited 2 branches of the dungeon, and saw 10 of its levels.
You visited the Abyss 1 time.

You collected 410 gold pieces.
You spent 65 gold pieces at shops.

Inventory:

Hand Weapons
 j - a +0 whip of flaming
 m - a +2 whip (weapon)
Missiles
 x - a throwing net
Armour
 a - a +0 robe
 p - the +2 leather armour "Okeuril" (worn) {rF+ Regen+ Str+3}
   (You found it on level 2 of the Dungeon)

   Str:       It affects your strength (+3).
   rF:        It protects you from fire.
   Regen:     It increases your rate of health regeneration.
 s - a +1 pair of gloves (worn)
 C - a +2 hat (worn)
Magical Staves
 n - a staff of conjuration
Jewellery
 b - a +5 ring of evasion (left hand)
 h - an amulet of reflection (around neck)
 k - a +5 ring of evasion
 w - a ring of willpower (right hand)
 E - a ring of protection from cold
Wands
 i - a wand of iceblast (16)
Scrolls
 d - 2 scrolls of immolation
 q - 7 scrolls of teleportation
 u - a scroll of blinking
 y - a scroll of magic mapping
 A - a scroll of fear
Potions
 c - 2 potions of mutation
 e - 3 potions of attraction
 f - 3 potions of curing
 g - a potion of resistance
 l - a potion of flight
 o - 2 potions of heal wounds
 t - 5 potions of lignification
 v - a potion of cancellation
 z - a potion of haste {unknown}
 B - a potion of might {unknown}


   Skills:
 + Level 1.6 Fighting
 + Level 2.4 Maces & Flails
 + Level 3.6 Armour
 + Level 3.2 Dodging
 - Level 2.1 Stealth
 + Level 2.1 Shields
 + Level 9.5 Spellcasting
 + Level 6.8 Conjurations
 + Level 9.7 Fire Magic
 + Level 2.0 Earth Magic


You had 16 spell levels left.
You knew the following spells:

 Your Spells              Type           Power      Damage    Failure   Level
a - Foxfire               Conj/Fire      100%       2x1d9     1%          1
b - Scorch                Fire           100%       2d10      1%          2
c - Kindle Blastsparks    Fire/Tloc/Air  46%        2d13      7%          3
d - Flame Wave            Conj/Fire      44%        2d11      2%          4
e - Stone Arrow           Conj/Erth      56%        3d10      4%          3

Your spell library contained the following spells:

 Spells                   Type           Power      Damage    Failure   Level
 Freeze                   Ice            40%        1d6       9%          1
 Inner Flame              Hex/Fire       30%        N/A       3%          3
 Necrotise                Necr           40%        1d6       9%          1
 Vampiric Draining        Necr           10%        2d6       26%         3
 Animate Armour           Summ/Erth      28%        N/A       47%         4
 Agony                    Necr           10%        N/A       93%         5
 Lehudib's Crystal Spear  Conj/Erth      14%        10d5      100%        8


Dungeon Overview and Level Annotations

Branches:
Dungeon (9/15)             Temple (1/1) D:7            Lair (0/5) D:8
    Orc: D:9-12

Altars:
Ashenzari
Cheibriados
Dithmenos
Elyvilon
Fedhas
Gozag
Hepliaklqana
Kikubaaqudgha
Makhleb
Nemelex Xobeh
Okawaru
Qazlal
Ru
Sif Muna
Trog
Uskayaw
Vehumet
Wu Jian
Xom
Yredelemnul
Zin
The Shining One

Shops:
D:6 !

Annotations:
D:8 2 transporters, steamdo11's ghost, novice FeSu
D:9 Psyche


Innate Abilities, Weirdness & Mutations

You are immune to sickness and miasma.
Your stone body is resilient. (AC +8)
You are immune to poison.
You resist negative energy. (rN+)
You are resistant to electric shocks. (rElec)
You are resistant to unholy torment.
You are immune to petrification.


Message History

The flame wave engulfs the small abomination!
You destroy the small abomination!
Vehumet accepts your kill.
You feel your power returning. (Press . to intensify the flame waves.)
The spriggan defender zombie closely misses you.
The angel closely misses you.
The angel hits you with a +3 whip of holy wrath.
A large abomination comes into view.
The spriggan defender zombie completely misses you.
The angel closely misses you. The angel hits you but does no damage.
A raiju comes into view.
Unknown command.
A wave of flame ripples out!
The flame wave engulfs the spriggan defender zombie.
The spriggan defender zombie is moderately damaged.
The flame wave engulfs the angel!
The angel is moderately wounded.
The flame wave engulfs the large abomination!
The large abomination is moderately damaged.
The flame wave engulfs the raiju!
The raiju is lightly wounded.
The angel hits you with a +3 whip of holy wrath!!
* * * LOW HITPOINT WARNING * * *
The angel hits you with a +3 whip of holy wrath.
* * * LOW HITPOINT WARNING * * *
The spriggan defender zombie hits you but does no damage.
A wave of flame ripples out!
The flame wave engulfs the spriggan defender zombie!!
The spriggan defender zombie is moderately damaged.
The flame wave engulfs the angel.
The angel is moderately wounded.
The flame wave engulfs the raiju.
The raiju is moderately wounded.
You finish channelling waves of flame.
The angel completely misses you.
The angel hits you with a +3 whip of holy wrath!
* * * LOW HITPOINT WARNING * * *
The spriggan defender zombie completely misses you.
The angel hits you with a +3 whip of holy wrath!
You die...

.##. ... ## ... #.
... #.# .# ...
###h.#.# ##....
.X.#.# ..#........
#Ah.##.# #.... ...
#@Z.#.# # ... ...
#.###..#..#........
#.# .....#..... .
## ### #.. ....∩.
#.... .## ##......#
. .....# ###
##..... #
#.......∩. .


You could see an angel, a large abomination, 2 raiju and a spriggan defender
zombie.

Vanquished Creatures
  Gastronok (D:8)
  Pikel (D:8)
  A manticore (D:7)
  A rime drake (D:7)
  A gargoyle (D:8)
  An unseen horror (D:8)
  Grinder (D:3)
  2 slime creatures (D:6)
  A yak (D:8)
  A neqoxec (Abyss:1)
  A steam dragon (D:9)
  A water moccasin (D:7)
  An ice beast (D:8)
  A sky beast (D:8)
  A black bear (D:4)
  2 wolves
  A centaur (D:5)
  2 phantoms (D:7)
  4 kobold brigands
  2 bullfrogs
  A small abomination (Abyss:1)
  A necrophage (D:5)
  A gnoll sergeant (D:4)
  8 wights
  3 killer bees (D:9)
  2 electric eels (D:8)
  3 quasits (D:8)
  4 hounds
  2 gnoll boudas
  An orc priest (D:8)
  6 jellies
  2 iguanas
  An orc wizard (D:8)
  17 gnolls
  7 adders
  6 white imps (D:8)
  7 ufetubi (D:8)
  5 dart slugs
  2 orcs
  10 endoplasms
  4 giant cockroaches
  6 hobgoblins
  6 jackals
  A quokka (D:4)
  5 ball pythons
  7 bats
  2 frilled lizards (D:1)
  3 goblins
  13 kobolds
  6 rats
169 creatures vanquished.

Vanquished Creatures (others)
  A wolf (D:7)
  A centaur (D:9)
  2 demonic plants (D:8)
  713 foxfires
  12 fungi (D:6)
  4 toadstools (D:6)
733 creatures vanquished.

Grand Total: 902 creatures vanquished

Notes
Turn   | Place    | Note
-------+----------+-------------------------------------------
     0 | D:1      | funkygono the Gargoyle Fire Elementalist began the quest
                  | for the Orb.
     0 | D:1      | Reached XP level 1. HP: 10/10 MP: 3/3
   184 | D:1      | Reached XP level 2. HP: 13/15 MP: 1/5
   187 | D:1      | Learned a level 2 spell: Scorch
  1033 | D:1      | Reached XP level 3. HP: 19/19 MP: 3/6
  1037 | D:1      | Learned a level 3 spell: Kindle Blastsparks
  2085 | D:2      | Identified the +2 leather armour "Okeuril" {rF+ Regen+
                  | Str+3}
  2282 | D:2      | Reached XP level 4. HP: 24/24 MP: 4/7
  2791 | D:3      | Noticed Grinder
  2803 | D:3      | Paralysed by Grinder for 5 turns
  2812 | D:3      | Killed Grinder
  2813 | D:3      | Reached XP level 5. HP: 28/28 MP: 0/10
  2813 | D:3      | Reached XP level 6. HP: 33/33 MP: 0/11
  2818 | D:3      | Learned a level 4 spell: Flame Wave
  3319 | D:3      | Found a white marble altar of Elyvilon.
  3528 | D:4      | Reached skill level 5 in Fire Magic
  3565 | D:4      | Noticed a black bear
  3569 | D:4      | Killed a black bear
  3570 | D:4      | Reached skill level 1 in Armour
  3723 | D:4      | Reached XP level 7. HP: 37/37 MP: 3/12
  4610 | D:4      | Learned a level 3 spell: Stone Arrow
  4620 | D:5      | Entered Level 5 of the Dungeon
  5349 | D:5      | Reached XP level 8. HP: 42/42 MP: 12/15
  5448 | D:5      | Reached skill level 5 in Spellcasting
  5850 | D:6      | Found Putha's Distillery.
  5857 | D:6      | Bought a potion of heal wounds for 65 gold pieces
  5882 | D:6      | Found a burning altar of Makhleb.
  5964 | D:6      | Found a blossoming altar of Fedhas.
  6326 | D:6      | Noticed a slime creature
  6326 | D:6      | Noticed a slime creature
  6513 | D:6      | Killed a slime creature
  6514 | D:6      | Reached skill level 1 in Fighting
  6514 | D:6      | Reached skill level 1 in Maces & Flails
  6519 | D:6      | Killed a slime creature
  6520 | D:6      | Reached skill level 5 in Conjurations
  6520 | D:6      | Reached XP level 9. HP: 8/47 MP: 13/18
  7144 | D:7      | Noticed a manticore
  7153 | D:7      | Killed a manticore
  7507 | D:7      | Found a staircase to the Ecumenical Temple.
  7528 | Temple   | Entered the Ecumenical Temple
  7582 | Temple   | Became a worshipper of Vehumet
  8077 | D:8      | Reached skill level 1 in Shields
  8100 | D:8      | Noticed a rime drake
  8130 | D:7      | Killed a rime drake
  8133 | D:7      | Reached XP level 10. HP: 30/52 MP: 1/22
  8169 | D:8      | Found a staircase to the Lair.
  8183 | D:8      | Noticed Pikel
  8190 | D:8      | Killed Pikel
  8465 | D:8      | Noticed a gargoyle
  8477 | D:8      | Killed a gargoyle
  8558 | D:8      | Noticed Gastronok
  8611 | D:8      | Killed Gastronok
  8778 | D:8      | Killed an unseen horror
  8778 | D:8      | Reached * piety under Vehumet
  8778 | D:8      | Offered knowledge of Freeze by Vehumet.
  9170 | D:8      | Noticed a cyan ugly thing
  9176 | D:8      | Noticed steamdo11's ghost (novice FeSu)
  9378 | D:8      | Found a transporter.
  9379 | D:8      | Found a transporter.
  9758 | D:9      | Noticed Psyche
  9776 | Abyss:1  | Cast into level 1 of the Abyss (Psyche)
  9806 | Abyss:1  | Found a corrupted altar of Lugonu.
  9818 | Abyss:1  | Noticed a starcursed mass
  9853 | Abyss:1  | Reached XP level 11. HP: 57/57 MP: 17/24
  9895 | Abyss:1  | Noticed an angel
  9905 | Abyss:1  | HP: 1/57 [angel/+3 whip of holy wrath (8)]
  9905 | Abyss:1  | Mangled by an angel

Illustrated notes

Levels and vault maps discovered:
D:1:      saegor_arrival_simple_b, layout_basic, minmay_misc_feat_plants
D:2:      layout_loops_ring, kennysheep_generic_room_11
D:3:      layout_basic, nicolae_elyvilon_temple_path, uniq_grinder
D:4:      layout_rooms, serial_co_window_serial, co_window_corner_a,
          co_window_corner_a, co_window_paths_a, co_window_corner_a,
          co_window_of_opportunity_a, co_window_broadway_a,
          co_window_broadway_b, co_window_broadway_a, co_window_corner_b,
          co_window_corner_b, co_window_paths_e, glass_columns_c,
          glass_columns_b, glass_columns_c
D:5:      layout_loops_ring, hangedman_decor_growths, kennysheep_pointless_box
D:6:      cheibrodos_fertilizer, layout_cave_pools,
          mainiacjoe_overflow_six_doors_small, old_standard_altar, serial_shops,
          shop
D:7:      layout_cave_pods, minmay_temple_entry_overgrown, serial_column_ruins,
          column_ruins_open_tiny, column_ruins_open_tiny,
          column_ruins_corridor_straight, column_ruins_grid_1,
          column_ruins_columns_T
D:8:      layout_cave_pools, hellmonk_lair_entry_icy, gammafunk_ghost_arena,
          serial_demonic, serial_demonic_a, serial_demonic_d, serial_demonic_f,
          serial_demonic_f, serial_demonic_f, serial_demonic_d,
          minmay_fractal_squares_diagonal_5, uniq_gastronok, uniq_pikel
D:9:      layout_basic, minivault_25_ag, uniq_psyche
Temple:   nicolae_temple_bog_church
Abyss:1:  base:
D:4

Skill      XL: |  1  2  3  4  5  6  7  8  9 10 |
---------------+-------------------------------+-----
Spellcasting   | 3 4 6 8 9 |  9.5
Conjurations   | 2 3 4 5 6 |  6.8
Fire Magic     | 4 5 6 8 9 |  9.7
Armour         | 1 2 3 |  3.6
Dodging        | 2 3 |  3.2
Fighting       | 1 |  1.6
Maces & Flails | 1 2 |  2.4
Shields        | 1 2 |  2.1
Earth Magic    | 2 |  2.0
Stealth        | |  2.1

Action                     |  1- 3 |  4- 6 |  7- 9 | 10-12 || total
---------------------------+-------+-------+-------+-------++-------
  Melee: Club              |    18 |       |       |       ||    18
         Staff             |       |     9 |       |       ||     9
         Whip              |       |       |    17 |    16 ||    33
         Punch             |       |       |     1 |       ||     1
   Cast: Foxfire           |    70 |    50 |   167 |   128 ||   415
         Scorch            |     2 |     1 |    54 |    16 ||    73
         Stone Arrow       |       |       |       |    12 ||    12
         Flame Wave        |       |       |       |     2 ||     2
    Use: Scroll            |       |       |    21 |     2 ||    23
         Potion            |       |       |     3 |       ||     3
 Armour: Robe              |    10 |       |       |       ||    10
         Leather armour    |     1 |    14 |    48 |    19 ||    82
  Dodge: Dodged            |    20 |    13 |    98 |    39 ||   170
  Block: Other             |       |       |    14 |    11 ||    25
         Reflection        |       |       |       |     2 ||     2

Table legend: (Time is in decaauts)
 A = Elapsed time spent in this place.
 B = Non-inter-level travel time spent in this place.
 C = Inter-level travel time spent in this place.
 D = Time resting spent in this place.
 E = Time spent auto-exploring this place.
 F = Levels seen in this place.
 G = Mean time per level.
                   A        B        C        D        E       F      G
               +--------+--------+--------+--------+--------+-----+--------+
         Total |   9917 |   9687 |    230 |    515 |   7523 |  11 |  901.5 |
       Dungeon |   9606 |   9383 |    223 |    515 |   7373 |   9 | 1067.3 |
        Temple |    182 |    175 |      7 |      0 |    150 |   1 |  182.0 |
         Abyss |    128 |    128 |      0 |      0 |      0 |   1 |  128.0 |
               +--------+--------+--------+--------+--------+-----+--------+

Top non-repeatable levels by time:
     D:8: 1489 daAuts
     D:1: 1372 daAuts
     D:4: 1263 daAuts
     D:6: 1141 daAuts
     D:7: 1109 daAuts
     D:2: 1061 daAuts
     D:5: 1058 daAuts
     D:3: 927 daAuts
     D:9: 184 daAuts
  Temple: 182 daAuts
 Abyss:1: 128 daAuts
